AoeStats
← Barón de la Cerveza

Arabia

504860559Analyzed
1v1 RM · 27d ago on Sep 6, 2026· 30m 24s· 2 players
Game mode
Random Map
Map size
Tiny (2 player)
Population
200
Speed
Normal
Resources
Standard
Victory
Conquest
Starting age
Dark Age
Ending age
Imperial Age
RankedLock teamsTeams togetherTeam positionsShared explorationLock speedFull tech treeHidden civsTurbo modeCheats
Victory
Defeat
🇮🇳 Portuguese · India
2124
+6
🇲🇽 Mongols · Mexico
1882
-6
Barón de la Cerveza
5:09 Loom
7:55 Feudal Age
11:51 Double-Bit Axe
16:31 Fletching
21:15 Castle Age
20:48 Bloodlines
20:46 Padded Archer Armor
20:33 Horse Collar
21:32 Gold Mining
21:17 Crossbowman
22:36 Bodkin Arrow
27:46 Elite Skirmisher
28:26 Town Watch
30:23 Bow Saw
squashy_aoe
6:27 Loom
8:46 Feudal Age
9:45 Double-Bit Axe
11:14 Horse Collar
19:30 Castle Age
17:45 Fletching
18:02 Gold Mining
18:32 Padded Archer Armor
19:45 Crossbowman
20:20 Bodkin Arrow
20:59 Bow Saw
22:11 Ballistics
22:35 Wheelbarrow
28:49 Hand Cart
Connection lost

Rejoining the realm…

Still unreachable

The connection could not be restored.

Session expired

The server has moved on; the page needs a fresh start.